cohdb
Replays
Latest Replays
All Replays
Popular Replays
Top Player Replays
Match Explorer
How It Works
Community
CoH3 Stats
Reddit
Sign in to upload your games and track your stats! →
Sign in with Steam
Match 46647035
Unlisted
Match 46647035
Overview
Messages
Build Orders
End
Construct Infanterie Kompanie
Selects Mechanized Battlegroup
Grenadier Squad
Grenadier Squad
Grenadier Squad
Construct Panzergrenadier Kompanie
Panzergrenadier Squad
Selects Spotting Scopes
251 Medium Carrier
Pak 40 Anti-tank Gun Team
MG 42 Bunker
Selects Wespe Self-propelled Artillery
Wespe Self-propelled Artillery
Wespe Self-propelled Artillery
MindfulRaptor
Billy Mitchell
nispe
Ra11
Cohpe?
Harry Cohper
0
0
Comments
sign in to comment!
No comments posted yet!